 Dungeon Crawl Stone Soup version 0.30-a0-390-g80c34de65d (webtiles) character file.

Game seed: 7466154862723417574

141 qeuew the Vexing (level 5, -1/29 HPs)
             Began as a Deep Elf Hexslinger on Dec 4, 2022.
             Slain by an orc
             ... wielding a +2 vorpal hand axe
              (6 damage)
             ... on level 3 of the Dungeon.
             The game lasted 00:02:51 (2088 turns).

qeuew the Vexing (Deep Elf Hexslinger)              Turns: 2088, Time: 00:02:51

Health: -1/29      AC:  5    Str: 11    XL:     5   Next: 3%
Magic:  11/11      EV: 11    Int: 17    God:
Gold:   218        SH:  0    Dex: 16    Spells: 6/10 levels left

rFire   . . .      SeeInvis .    a - +2 sling
rCold   . . .      Faith    .    (no shield)
rNeg    . . .      Spirit   .    n - +0 ring mail
rPois   .          Reflect  .    (no helmet)
rElec   .          Harm     .    (no cloak)
rCorr   .          Rampage  .    (no gloves)
Will    .....                    (no boots)
Stlth   ++........               (no amulet)
HPRegen 0.24/turn                (no ring)
MPRegen 0.12/turn                (no ring)

@: no status effects
A: strong 1
a: no special abilities


You were on level 3 of the Dungeon.
You visited 1 branch of the dungeon, and saw 3 of its levels.

You collected 218 gold pieces.

Inventory:

Hand Weapons
 a - a +2 sling (weapon)
Armour
 n - a +0 ring mail (worn)
Scrolls
 b - 2 scrolls of poison
 h - a scroll of enchant armour {unknown}
Potions
 c - 2 potions of heal wounds {unknown}
 d - a potion of mutation
 e - 2 potions of curing {unknown}
 f - a potion of might {unknown}
 g - a potion of haste


   Skills:
 + Level 1.1 Fighting
 * Level 3.7 Ranged Weapons
 + Level 0.6 Armour
 * Level 3.4 Dodging
 * Level 2.6 Stealth
 * Level 3.1 Spellcasting
 * Level 4.5 Hexes
 + Level 0.3 Fire Magic


You had 6 spell levels left.
You knew the following spells:

 Your Spells              Type           Power      Damage    Failure   Level
a - Slow                  Hex            72%        N/A       7%          1
b - Inner Flame           Hex/Fire       10%        N/A       43%         3

Your spell library contained the following spells:

 Spells                   Type           Power      Damage    Failure   Level
 Portal Projectile        Hex/Tloc       20%        N/A       45%         3
 Sublimation of Blood     Necr           2%         N/A       54%         2
 Wereblood                Tmut           2%         N/A       54%         2
 Cause Fear               Hex            9%         N/A       54%         4
 Summon Hydra             Summ           1%         N/A       100%        7


Dungeon Overview and Level Annotations

Branches:
Dungeon (3/15)

Altars:

Annotations:
D:2 1 runed translucent door, Crazy Yiuf
D:3 Grinder


Innate Abilities, Weirdness & Mutations

Your muscles are strong. (Str +4, Int/Dex -1)


Message History

You kill the orc!
An orc priest and an orc come into view.
The orc is wielding a +2 vorpal hand axe.
The orc shouts!
The orc priest invokes the aid of Beogh against you.
You struggle to resist.
The orc moves out of view.
You shoot a sling bullet.
The sling bullet hits the orc priest but does no damage.
There are monsters nearby!
You shoot a sling bullet.
The sling bullet hits the orc priest but does no damage.
There are monsters nearby!
You shoot a sling bullet. The sling bullet hits the orc priest.
The orc priest is moderately wounded.
The orc priest looks encouraged for a moment.
There are monsters nearby!
You shoot a sling bullet.
The sling bullet hits the orc priest but does no damage.
The orc priest is moderately wounded.
The orc priest closely misses you.
There are monsters nearby!
You shoot a sling bullet.
The sling bullet hits the orc priest but does no damage.
The orc priest is moderately wounded.
The orc priest looks braver for a moment.
You shoot a sling bullet.
The sling bullet hits the orc priest but does no damage.
The orc priest is moderately wounded.
The orc hits you with a +2 vorpal hand axe.
The orc priest hits you with a +0 war axe!
You shoot a sling bullet.
The sling bullet barely misses the orc priest.
The orc misses you.
The orc priest miscasts a cantrip.
The orc priest hits you with a +0 war axe!
The orc hits you with a +2 vorpal hand axe.
* * * LOW HITPOINT WARNING * * *
x2 The orc attacks as you move away!
The orc hits you with a +2 vorpal hand axe.
You die...

# ############# ##
##.####...........# #.
..................# ##.
####)##.#########.###..
#.o@......####.##...
#.o#.####.......[...
#..#.# #####...#...
#).#.# ###.....#..
#..... .......†...
##.### ###.....##. ..
##...###. .. ##.## #.
#.# #.


You could see an orc priest and an orc.

Vanquished Creatures
  A hound (D:3)
  Jessica (D:3)
  3 adders
  2 worms
  2 dart slugs (D:1)
  An orc (D:3)
  4 endoplasms
  4 giant cockroaches
  2 goblins
  5 hobgoblins (D:1)
  4 kobolds
  2 quokkas (D:1)
  7 ball pythons
  4 bats
  A frilled lizard (D:2)
  6 rats
49 creatures vanquished.

Notes
Turn   | Place    | Note
-------+----------+-------------------------------------------
     0 | D:1      | qeuew the Deep Elf Hexslinger began the quest for the Orb.
     0 | D:1      | Reached XP level 1. HP: 11/11 MP: 5/5
   250 | D:1      | Reached XP level 2. HP: 16/16 MP: 7/7
   413 | D:1      | Reached skill level 1 in Stealth
   661 | D:1      | Found a faded altar of an unknown god.
   711 | D:1      | Reached XP level 3. HP: 20/20 MP: 8/8
   932 | D:1      | Gained mutation: Your muscles are strong. (Str +4, Int/Dex
                  | -1) [potion of mutation]
  1482 | D:2      | Found a runed translucent door.
  1483 | D:2      | Noticed Crazy Yiuf
  1683 | D:2      | Learned a level 3 spell: Inner Flame
  1714 | D:3      | Noticed Jessica
  1717 | D:3      | Killed Jessica
  1718 | D:3      | Reached skill level 1 in Fighting
  1718 | D:3      | Reached XP level 4. HP: 25/25 MP: 8/10
  1719 | D:3      | Noticed Grinder
  1939 | D:3      | Reached XP level 5. HP: 3/29 MP: 11/11
  2088 | D:3      | Slain by an orc

Illustrated notes

Levels and vault maps discovered:
D:1:      kilobyte_arrival_exit_the_forest, layout_basic,
          hellmonk_ecumenical_altar_pennies_from_heaven, grunt_decor_one_mirror
D:2:      layout_loops_cross, grunt_ministairs_15, uniq_crazy_yiuf_cottage
D:3:      layout_loops_ring, doesnt_xom_only_xom, uniq_jessica, uniq_grinder

Skill      XL: |  1  2  3  4 |
---------------+-------------+-----
Spellcasting   | 2 3 |  3.1
Stealth        | 1 2 |  2.6
Ranged Weapons | 3 |  3.7
Dodging        | 3 |  3.4
Fighting       | 1 |  1.1
Armour         | |  0.6
Hexes          | |  4.5
Fire Magic     | |  0.3

Action                   |  1- 3 |  4- 6 || total
-------------------------+-------+-------++-------
 Fire: Sling             |   128 |    43 ||   171
 Cast: Slow              |     5 |       ||     5
  Use: Scroll            |     5 |       ||     5
       Potion            |     4 |       ||     4
Armor: Robe              |     4 |       ||     4
       Ring mail         |     5 |     3 ||     8
Dodge: Dodged            |    43 |     8 ||    51

Table legend: (Time is in decaauts)
 A = Elapsed time spent in this place.
 B = Non-inter-level travel time spent in this place.
 C = Inter-level travel time spent in this place.
 D = Time resting spent in this place.
 E = Time spent auto-exploring this place.
 F = Levels seen in this place.
 G = Mean time per level.
                   A        B        C        D        E       F      G
               +--------+--------+--------+--------+--------+-----+--------+
         Total |   2146 |   2089 |     57 |     90 |   1642 |   3 |  715.3 |
       Dungeon |   2146 |   2089 |     57 |     90 |   1642 |   3 |  715.3 |
               +--------+--------+--------+--------+--------+-----+--------+

Top non-repeatable levels by time:
     D:1: 1009 daAuts
     D:2: 810 daAuts
     D:3: 325 daAuts
